 Dungeon Crawl Stone Soup version 0.19-a0-970-g9a4211b (webtiles) character file.

66 Niuu the Magician (level 3, 0/16 HPs)
             Began as a Spriggan Wizard on July 13, 2016.
             Slain by a worker ant (5 damage)
             ... on level 3 of the Dungeon.
             The game lasted 00:07:56 (2299 turns).

Niuu the Magician (Spriggan Wizard)                 Turns: 2299, Time: 00:07:57

Health: 0/16       AC:  2    Str:  0 (3)  XL:     3   Next: 96%
Magic:  0/9        EV: 18    Int: 19 (20) God:
Gold:   104        SH:  0    Dex: 13 (14) Spells: 1 memorised, 9 levels left

rFire  . . .     SeeInvis +     f - +0 dagger
rCold  + . .     Gourm    .     a - +0 robe
rNeg   . . .     Faith    .     (shield restricted)
rPois  +         Spirit   .     b - +0 hat
rElec  .         Dismiss  .     (no cloak)
rCorr  .         Reflect  .     (gloves unavailable)
SustAt .         Harm     .     (boots unavailable)
MR     .....     Clarity  +     (no amulet)
Stlth  ++........               (no ring)
                                (no ring)

@: very slightly contaminated, slowed, lost strength, quick, not resistant to
hostile enchantments, unstealthy
A: unfitting armour, see invisible, clarity, cold resistance 1, herbivore 3,
speed 3, poison resistance, slow metabolism 2
a: no special abilities


You were on level 3 of the Dungeon.
You were not hungry.

You visited 1 branch of the dungeon, and saw 3 of its levels.

You collected 104 gold pieces.

Inventory:

Hand Weapons
 f - a +0 dagger (weapon)
Missiles
 h - 18 poisoned needles
Armour
 a - a +0 robe (worn)
 b - a +0 hat (worn)
Jewellery
 p - an uncursed amulet of the gourmand {unknown}
Scrolls
 e - 3 scrolls of enchant weapon {unknown}
 g - 2 scrolls of enchant armour {unknown}
 i - a scroll of remove curse {unknown}
 k - a scroll of noise {unknown}
 l - a scroll of fear {unknown}
 m - a scroll of random uselessness {unknown}
 o - 4 scrolls of identify {unknown}
 q - a scroll of teleportation {unknown}
 r - a scroll of magic mapping {unknown}
Potions
 j - a potion of curing
Books
 c - a book of Minor Magic

   Spells                             Type                      Level
   a - Magic Dart                     Conjuration                  1
   b - Blink                          Translocation                2
   c - Call Imp                       Summoning                    2
   d - Repel Missiles                 Charms/Air                   2
   e - Slow                           Hexes                        2
   f - Conjure Flame                  Conjuration/Fire             3
   g - Mephitic Cloud                 Conjuration/Poison/Air       3
Comestibles
 d - a bread ration
 n - a royal jelly


   Skills:
 - Level 3.0 Dodging
 - Level 3.0 Stealth
 - Level 4.0 Spellcasting
 + Level 2.9 Conjurations
   Level 0.7 Summonings
   Level 1.5 Translocations


You had 9 spell levels left.
You knew the following spells:

 Your Spells              Type           Power        Failure   Level  Hunger
z - Magic Dart            Conj           ##..         6%          1    None


Dungeon Overview and Level Annotations

Branches:
Dungeon (3/15)

Altars:


Innate Abilities, Weirdness & Mutations

You are tiny and cannot use many weapons and most armour.
You have supernaturally acute eyesight. (SInv)
You are a herbivore.
You cover ground extremely quickly.
You need consume almost no food.
You possess an exceptional clarity of mind.
Your flesh is cold resistant. (rC+)
Your system is resistant to poisons. (rPois)


Message History

The magic dart hits the worker ant.
The worker ant is almost dead.
The worker ant barely misses you. The worker ant bites you.
Casting: Magic Dart
Confirm with . or Enter, or press ? or * to list all spells.
Aiming: Magic Dart
Press: ? - help, Shift-Dir - straight line, f/p - worker ant
Aim: a worker ant (almost dead)
You miscast Magic Dart.
You are very lightly contaminated with residual magic.
Nothing appears to happen.
The worker ant closely misses you.
Casting: Magic Dart
Confirm with . or Enter, or press ? or * to list all spells.
Aiming: Magic Dart
Press: ? - help, Shift-Dir - straight line, f/p - worker ant
Aim: a worker ant (almost dead)
The magic dart hits the worker ant.
The worker ant is almost dead.
The worker ant misses you. The worker ant bites you.
You die...

..### #...# .. ...
#.#.# .# .... #.#.#
.# .... #.#.#
.#..... #.#.#
.#.....
.##.##.#.###.......
.......<.........#
.##.##.#@##......#
#.#a##......#
#.#.........#
..#.###.###.# ..#.#
.# # ...#.# ..
...... ... #.# ###
###


You could see a worker ant.

Vanquished Creatures
  An adder (D:2)
  An ooze (D:1)
  A worm (D:2)
  2 dart slugs (D:1)
  3 giant geckos
  A ball python (D:1)
  3 bats
  6 goblins
  9 hobgoblins
  A quokka (D:2)
  A giant newt (D:2)
  4 kobolds
  7 rats
40 creatures vanquished.

Notes
Turn   | Place    | Note
-------+----------+-------------------------------------------
     0 | D:1      | Niuu the Spriggan Wizard began the quest for the Orb.
     0 | D:1      | Reached XP level 1. HP: 9/9 MP: 6/6
    94 | D:1      | Reached skill level 1 in Conjurations
   224 | D:1      | Reached XP level 2. HP: 13/13 MP: 2/8
   984 | D:1      | Reached XP level 3. HP: 6/16 MP: 2/9
  1690 | D:2      | Gained mutation: Your system is resistant to poisons. (rPois) [potion of mutation]
  1690 | D:2      | Gained mutation: You possess an exceptional clarity of mind. [potion of mutation]
  1690 | D:2      | Gained mutation: Your flesh is cold resistant. (rC+) [potion of mutation]
  1965 | D:2      | Lost strength.
  2299 | D:3      | Slain by a worker ant

Vault maps used:
D:1:      nicolae_arrival_washed_ashore
D:3:      nicolae_overflow_hidden_temple, first_bread

Skill      XL: |  1  2 |
---------------+-------+-----
Conjurations   | 1 2 |  2.9
Dodging        | |  3.0
Stealth        | |  3.0
Spellcasting   | |  4.0
Summonings     | |  0.7
Translocations | |  1.5

Action                   || total
-------------------------++-------
Melee: Dagger            ||     3
 Cast: Magic Dart        ||   115
  Use: Potion            ||     7
Armor: Robe              ||     2
Dodge: Dodged            ||    24
